 Dungeon Crawl Stone Soup version 0.20-a0-548-g4f8a798 (webtiles) character file.

53935 esc the Eclecticist (level 14, -1/78 HPs)
             Began as a Deep Elf Fire Elementalist on Feb 1, 2017.
             Was a Follower of Uskayaw.
             Slain by Snorg (26 damage)
             ... on level 5 of the Lair of Beasts.
             The game lasted 01:48:31 (26670 turns).

esc the Eclecticist (Deep Elf Fire Elementalist)   Turns: 26670, Time: 01:48:32

Health: -1/78      AC: 21    Str:  5    XL:     14   Next: 32%
Magic:  4/35       EV: 16    Int: 26    God:    Uskayaw [*.....]
Gold:   582        SH:  6    Dex: 19    Spells: 11/43 levels left

rFire    + . .     SeeInvis .   a - +0 short sword (elec)
rCold    + . .     Gourm    .   O - +2 acid dragon scales
rNeg     . . .     Faith    .   w - +0 buckler {AC+3}
rPois    +         Spirit   .   (no helmet)
rElec    .         Reflect  .   R - +1 cloak
rCorr    +         Harm     +   Q - +0 pair of gloves
MR       +....                  i - +0 pair of boots
Stlth    +++.......             p - amulet of harm
Regen    0.3/turn               s - +4 ring of protection
                                y - ring of Monupt Ucipn {*Corrode rPois rF+ rC+ Dex+4 Stlth+}

@: very slightly contaminated
A: no striking features
a: Stomp, Renounce Religion


You were on level 5 of the Lair of Beasts.
You worshipped Uskayaw.
Uskayaw was noncommittal.
You were not hungry.

You visited 3 branches of the dungeon, and saw 18 of its levels.
You also visited: Labyrinth and Ossuary.

You collected 1032 gold pieces.
You spent 450 gold pieces at shops.

Inventory:

Hand Weapons
 a - a +0 short sword of electrocution (weapon)
   (You found it on level 3 of the Lair of Beasts)
 u - a +3 rapier
   (You took it off a spriggan on level 6 of the Lair of Beasts)
Armour
 i - a +0 pair of boots (worn)
   (You found it on level 4 of the Lair of Beasts)
 w - a +0 buckler of protection (worn)
   (You found it on level 3 of the Lair of Beasts)
 O - +2 acid dragon scales (worn)
   (You found it on level 11 of the Dungeon)
 Q - a +0 pair of gloves (worn)
   (You bought it in a shop on level 11 of the Dungeon)
 R - a +1 cloak (worn)
   (You found it on level 3 of the Lair of Beasts)
Jewellery
 j - a +3 ring of intelligence
   (You found it in a labyrinth)
 m - an uncursed ring of protection from fire {rF+, !d}
   (You found it on level 2 of the Dungeon)
 p - an amulet of harm (around neck)
   (You found it on level 4 of the Dungeon)
 s - a +4 ring of protection (right hand)
   (You took it off a minotaur in a labyrinth)
 y - the ring of Monupt Ucipn (left hand) {*Corrode rPois rF+ rC+ Dex+4 Stlth+}
   (You found it in a labyrinth)

   [ring of stealth]

   It affects your dexterity (+4).
   It protects you from fire.
   It protects you from cold.
   It protects you from poison.
   It may corrode you when you take damage.
   It makes you more stealthy.
 K - the ring "Xoph" {rN+ Str+4 Dex-2 Slay+3 SInv}
   (You found it on level 7 of the Dungeon)

   [ring of strength]

   It affects your strength (+4).
   It affects your dexterity (-2).
   It affects your accuracy and damage with ranged weapons and melee attacks
   (+3).
   It protects you from negative energy.
   It lets you see invisible.
 T - an uncursed amulet of rage {unknown}
   (You found it on level 5 of the Lair of Beasts)
Wands
 B - a wand of iceblast (9/15)
   (You found it on level 3 of the Lair of Beasts)
 D - a wand of digging (24/24)
   (You found it on level 6 of the Dungeon)
 M - a wand of lightning (6/15)
   (You found it on level 10 of the Dungeon)
 P - a wand of acid (8/15)
   (You found it on level 11 of the Dungeon)
 U - a wand of confusion (30/48)
   (You found it on level 5 of the Lair of Beasts)
Scrolls
 e - a scroll of torment {unknown}
 g - 4 scrolls of magic mapping {!r}
 n - 8 scrolls of enchant weapon
 q - 2 scrolls of fear
 z - 7 scrolls of recharging
 E - a scroll of silence {unknown}
 F - a scroll of amnesia {unknown}
 H - 4 scrolls of teleportation
 N - 2 scrolls of blinking {!r}
 V - 2 scrolls of remove curse
Potions
 d - 4 potions of curing
 f - a potion of brilliance {unknown}
 h - a potion of might
 o - 5 potions of flight
 r - 2 potions of resistance
 x - 3 potions of ambrosia
 A - 2 potions of agility
 C - a potion of magic
 G - 2 potions of haste
Books
 b - a book of Flames
 v - a book of Conjurations
   (You found it on level 5 of the Lair of Beasts)
 I - a book of Battle
   (You found it on level 9 of the Dungeon)
 S - a book of Necromancy
   (You found it on level 1 of the Lair of Beasts)
 X - Ytomyum's Reference Book on Dislocation
   (You found it in a labyrinth)

   Spells                             Type                      Level
   a - Apportation                    Translocation                1
   b - Shroud of Golubria             Charms/Translocation         2
   c - Teleport Other                 Translocation                3
   d - Force Lance                    Conjuration/Translocation    4
   e - Passage of Golubria            Translocation                4
   f - Dispersal                      Translocation                6
 Y - the Papyrus of Augmentations
   (You found it in a labyrinth)

   Spells                             Type                      Level
   a - Swiftness                      Charms/Air                   2
   b - Shroud of Golubria             Charms/Translocation         2
   c - Ozocubu's Armour               Charms/Ice                   3
Miscellaneous
 l - a sack of spiders
Comestibles
 c - 9 bread rations {@e1}
 k - 8 meat rations {@e2}
 L - 4 fruits


   Skills:
 + Level 5.6 Fighting
 + Level 7.1 Short Blades
 - Level 5.5 Armour
 - Level 8.5 Dodging
 - Level 3.1 Stealth
 - Level 4.4 Shields
 + Level 15.1 Spellcasting
 + Level 11.2 Conjurations
 + Level 5.4 Charms
 - Level 7.4 Necromancy
 - Level 10.9 Fire Magic
 - Level 7.0 Invocations
 - Level 1.3 Evocations


You had 11 spell levels left.
You knew the following spells:

 Your Spells              Type           Power        Failure   Level  Hunger
a - Throw Flame           Conj/Fire      ######       1%          2    None
b - Control Undead        Necr           ######....   2%          4    None
c - Conjure Flame         Conj/Fire      ######..     1%          3    None
d - Animate Dead          Necr           N/A          2%          4    None
f - Fireball              Conj/Fire      ######....   1%          5    #......
g - Apportation           Tloc           ###...       8%          1    None
r - Regeneration          Chrm/Necr      ######....   1%          3    None
s - Sticky Flame          Conj/Fire      ######..     1%          4    None
x - Flame Tongue          Conj/Fire      #####        1%          1    None
z - Iskenderun's Battles  Conj/Chrm      ######..     6%          5    #......


Dungeon Overview and Level Annotations

Branches:
Dungeon (11/15)            Temple (1/1) D:4            Lair (6/6) D:11
  Swamp (0/4) Lair:4        Snake (0/4) Lair:3        Slime (0/5) Lair:6
    Orc (0/2) D:10

Altars:
Ashenzari
Dithmenos
Elyvilon
Fedhas
Gozag
Hepliaklqana
Kikubaaqudgha
Makhleb
Nemelex Xobeh
Okawaru
Qazlal
Ru
Sif Muna
Trog
Uskayaw
Vehumet
Xom
Yredelemnul
Zin
The Shining One
Jiyva

Shops:
D:5 *   D:6 !   D:10 }   D:11 [

Annotations:
D:2 Sigmund
D:3 Pikel
D:6 1 runed door
Lair:5 Snorg


Message History

The barrage of energy hits the death yak.
You regained 2 hp, and now have 37/78 hp.
You now have 12/35 mp.
Aim: a death yak (heavily wounded)
The fireball explodes!
The fireball engulfs the death yak.
You hear a roar!
You hear a bellow!
You hear a croak. x3
You hear an angry hiss.
You hear an angry buzzing noise.
Your battlesphere fires!
The barrage of energy hits the death yak.
You can now pass through a line of other dancers.
A death yak and a blink frog come into view.
You now have 7/35 mp.
Aim: a death yak (almost dead)
The fireball explodes!
The fireball engulfs the death yak.
You kill the death yak!
You hear a bellow!
Your battlesphere fires!
You now have 2/35 mp.
A crocodile comes into view.
You regained 2 hp, and now have 42/78 hp.
You regained 2 hp, and now have 47/78 hp.
You can no longer pass through a line of other dancers.
There is an empty arch of ancient stone here.
Items here: " ) / = [ the +0 bardiche "Cimiaf" {chop, Dex+4 SInv Stlth+} a runed diamond amulet; an uncursed ring of resist corrosion a wand of lightning (?/15); fire dragon scales The blink frog blinks!
You regained 2 hp, and now have 53/78 hp.
Aim: a blink frog You miscast Sticky Flame.
Wisps of smoke drift from your hands. The blink frog misses you.
You now have 1/35 mp.
The blink frog blinks!
You block the blink frog's attack.
A rime drake comes into view.
The rime drake hisses angrily.
You hit the blink frog but do no damage.
There is a sudden explosion of sparks!
The blink frog barely misses you.
You miss the blink frog. The blink frog misses you.
You miss the blink frog. The blink frog closely misses you.
You closely miss the blink frog. The blink frog misses you.
You barely miss the blink frog. The blink frog completely misses you.
You hit the blink frog. You block the blink frog's attack.
You hit the blink frog. The blink frog hits you.
You take 6 damage, and have 56/78 hp.
You hit the blink frog but do no damage.
The blink frog misses you.
Okay, then.
You hit the blink frog but do no damage.
The blink frog closely misses you.
You closely miss the blink frog. The blink frog closely misses you.
A death yak comes into view.
You hit the blink frog. The blink frog barely misses you.
The death yak gores you but does no damage.
A water moccasin comes into view.
The water moccasin hisses angrily.
You hit the blink frog.
Your skin is crawling a little less now.
The blink frog closely misses you.
The water moccasin moves out of view.
The death yak gores you! The blink frog completely misses you.
You can now pass through a line of other dancers.
A death yak comes into view.
You take 15 damage, and have 45/78 hp.
The blink frog appears confused.
The rime drake appears confused.
You feel somewhat more hungry.
You can no longer pass through a line of other dancers.
The water moccasin bites you but does no damage.
You now have 0/35 mp.
Snorg the Insatiable comes into view.
The water moccasin barely misses you.
Snorg shouts!
The rime drake seems less confused.
Something bites your battlesphere! x2
Your battlesphere is destroyed!
The water moccasin misses you.
You regained 2 hp, and now have 49/78 hp.
The rime drake completely misses you. The water moccasin barely misses you.
A blink frog comes into view.
There is a stone staircase leading up here.
Your skin stops crawling.
You block the water moccasin's attack. The rime drake bites you.
Snorg bites you! Snorg claws you but does no damage. Snorg closely misses you.
You climb upwards.
There is a stone staircase leading down here.
You take 15 damage, and have 36/78 hp.
Snorg goes berserk!
The water moccasin closely misses you.
Unknown command.
You don't have enough magic to cast that spell.
Okay, then.
The rime drake breathes ice at you. The flash freeze hits you!
You partially resist.
You are encased in ice.
You take 13 damage, and have 24/78 hp.
Unknown command.
You block the rime drake's attack. The ice encasing you melts away.
The rime drake bites you but does no damage.
Snorg bites you!!
You die...

......# #...#...........##...#
.....## #.>.#PP...#..#.####...
.....## #.T...P.##.###..# ##.#
......# ##..##..#.### ##.# ###
#.#.### ##...#..####### ### #
..#### #....#...####.####### #
.8...# ##...#.#S###.#...#..P#
.....####......Tk.#.....ZZ.Z###
##....#......###@.#.....ZP##..###
##.#.......#.##..........#####..P
.......8...#..............#......
................<.......####.....
.....8...8.#...........###.......
......................#.##P......
...#...8................#P.......
...........##....................
.#.....##....###.................


You could see Snorg (berserk), a rime drake and a water moccasin.

Vanquished Creatures
  A minotaur (Lab)
  3 hydras
  A queen ant (Lair:3)
  6 death yaks
  5 two-headed ogres
  3 oklob plants
  An ugly thing (D:10)
  13 elephants
  5 black mambas
  The ghost of anet the Magician, a novice DEWz of Ashenzari (D:6)
  8 spiny frogs
  A torpor snail (Lair:2)
  7 komodo dragons
  2 polar bears
  2 hornets
  13 hippogriffs
  8 blink frogs
  9 spriggans
  45 yaks
  4 hogs (D:7)
  3 basilisks
  A human (D:7)
  A hungry ghost (D:11)
  9 soldier ants
  2 wargs (Lair:3)
  Duvessa (D:4)
  An acid dragon (D:11)
  15 water moccasins
  6 porcupines
  4 orc warriors
  3 slaves (D:4)
  A necrophage (D:9)
  A sky beast (D:9)
  A hornet zombie (D:4)
  2 phantoms
  3 ice beasts
  6 ogres
  3 boggarts (Lair:6)
  7 black bears
  28 wolves
  3 centaurs
  14 crocodiles
  13 bullfrogs
  3 elf zombies (Ossuary)
  A wyvern zombie (D:10)
  A wyvern skeleton (D:7)
  Dowan (D:4)
  5 scorpions
  3 wights (D:7)
  6 killer bees
  2 vampire bats (D:7)
  A howler monkey (D:6)
  An electric eel (Lair:4)
  4 centaur zombies
  3 crimson imps
  A bullfrog zombie (D:10)
  6 human zombies (Ossuary)
  8 hounds
  7 orc priests
  A jelly (D:6)
  15 orc wizards
  4 bullfrog skeletons
  2 iguanas
  6 hell rats (Lair:5)
  18 worker ants
  2 hound zombies
  A hound skeleton (D:8)
  4 mummies
  3 howler monkey zombies
  A howler monkey skeleton (D:7)
  14 adders
  A shadow imp (D:5)
  4 dart slugs
  10 leopard geckos
  60 orcs
  10 giant cockroaches
  4 goblins
  4 hobgoblins
  5 jackals
  4 quokkas
  3 ball pythons
  17 bats
  8 frilled lizards
  A jackal zombie (D:7)
  4 kobolds
  A leopard gecko skeleton (D:4)
  A leopard gecko zombie (D:8)
  A quokka skeleton (D:4)
  8 rats
  A fungus (Lair:4)
  2 plants
539 creatures vanquished.

Vanquished Creatures (collateral kills)
  A death yak (Lair:3)
  2 elephants (Lair:6)
  2 spiny frogs
  A komodo dragon (Lair:6)
  A rime drake (Lair:6)
  A polar bear (Lair:6)
  A hornet (Lair:6)
  A dream sheep (Lair:6)
  A blink frog (Lair:5)
  4 spriggans (Lair:6)
  3 yaks
  4 water moccasins
  A black bear (Lair:6)
  7 wolves
  3 crocodiles
  A bullfrog (Lair:5)
  A hound (Lair:3)
  2 worker ants (Lair:3)
  A hell rat (Lair:5)
  2 adders (Lair:3)
  A ball python (Lair:3)
41 creatures vanquished.

Vanquished Creatures (others)
  17 fungi
  15 plants
32 creatures vanquished.

Grand Total: 612 creatures vanquished

Notes
Turn   | Place    | Note
-------+----------+-------------------------------------------
     0 | D:1      | esc the Deep Elf Fire Elementalist began the quest for the Orb.
     0 | D:1      | Reached XP level 1. HP: 10/10 MP: 6/6
   280 | D:1      | Reached XP level 2. HP: 15/15 MP: 6/8
   778 | D:2      | Reached skill level 2 in Conjurations
   814 | D:2      | Reached XP level 3. HP: 19/19 MP: 8/10
   890 | D:2      | Reached skill level 4 in Spellcasting
   891 | D:2      | Reached skill level 4 in Fire Magic
   998 | D:2      | Noticed Sigmund
  1274 | D:2      | Reached XP level 4. HP: 24/24 MP: 8/12
  1637 | D:2      | Learned a level 2 spell: Throw Flame
  1641 | D:2      | Learned a level 3 spell: Conjure Flame
  2404 | D:3      | Reached skill level 1 in Fighting
  2608 | D:3      | Reached XP level 5. HP: 29/29 MP: 10/13
  2729 | D:4      | Noticed Pikel
  2731 | D:4      | Noticed a slave
  2732 | D:4      | Noticed a slave
  2733 | D:4      | Noticed a slave
  2734 | D:4      | Noticed a slave
  3101 | D:4      | Noticed an ogre
  3113 | D:4      | Reached skill level 3 in Dodging
  3113 | D:4      | Reached skill level 3 in Conjurations
  3282 | D:4      | Reached skill level 5 in Spellcasting
  3397 | D:4      | Found a staircase to the Ecumenical Temple.
  3403 | Temple   | Entered the Ecumenical Temple
  3427 | Temple   | Became a worshipper of Uskayaw the Reveler
  3538 | D:4      | Reached * piety under Uskayaw
  3669 | D:4      | Reached ** piety under Uskayaw
  3673 | D:4      | Reached *** piety under Uskayaw
  3674 | D:4      | Killed an ogre
  3674 | D:4      | Reached XP level 6. HP: 34/34 MP: 0/15
  4044 | D:4      | Killed a slave
  4185 | D:4      | Noticed Duvessa
  4372 | D:5      | Entered Level 5 of the Dungeon
  4419 | D:5      | Reached skill level 5 in Fire Magic
  4533 | D:5      | Reached skill level 2 in Fighting
  4641 | D:5      | Found Dysiwn's General Store.
  4659 | D:5      | Reached skill level 4 in Dodging
  4822 | D:5      | Reached XP level 7. HP: 39/40 MP: 10/17
  5388 | D:5      | Reached skill level 4 in Conjurations
  5402 | D:5      | Learned a level 4 spell: Sticky Flame
  5423 | D:5      | Reached skill level 6 in Spellcasting
  5718 | D:4      | Noticed Dowan
  5752 | D:4      | Killed Dowan
  5900 | D:4      | Killed Duvessa
  6245 | D:5      | Reached XP level 8. HP: 44/45 MP: 6/20
  6446 | D:5      | Reached skill level 5 in Dodging
  6720 | D:5      | HP: 8/45 [centaur (12)]
  6723 | D:5      | Reached skill level 3 in Fighting
  6723 | D:5      | Reached skill level 6 in Fire Magic
  7128 | D:6      | Noticed anet's ghost (novice DEWz)
  7391 | D:6      | Reached skill level 7 in Spellcasting
  7550 | D:6      | Found a sand-covered staircase.
  7589 | Ossuary  | Entered an ossuary
  7642 | Ossuary  | Reached skill level 5 in Conjurations
  8061 | Ossuary  | Reached skill level 6 in Dodging
  8714 | D:6      | Reached skill level 8 in Spellcasting
  8714 | D:6      | Reached XP level 9. HP: 52/52 MP: 17/23
  8777 | D:6      | Killed anet's ghost
  8777 | D:6      | Reached skill level 6 in Conjurations
  8777 | D:6      | Reached skill level 7 in Fire Magic
  9080 | D:6      | Found Olasuol's Distillery.
  9773 | D:6      | Reached skill level 9 in Spellcasting
  9877 | D:6      | Found a runed door.
 10204 | D:7      | Got a transparent golden ring
 10206 | D:7      | Reached skill level 8 in Fire Magic
 10218 | D:7      | Identified the ring "Xoph" {rN+ Str+4 Dex-2 Slay+3 SInv} (You found it on level 7 of the Dungeon)
 10365 | D:7      | Reached skill level 7 in Conjurations
 10544 | D:7      | Reached **** piety under Uskayaw
 11062 | D:7      | Reached skill level 10 in Spellcasting
 11161 | D:7      | Found a blossoming altar of Fedhas.
 11176 | D:7      | Reached XP level 10. HP: 56/56 MP: 9/26
 11318 | D:7      | Learned a level 5 spell: Fireball
 11480 | D:8      | Noticed a two-headed ogre
 11495 | D:8      | Killed a two-headed ogre
 11495 | D:8      | Reached skill level 8 in Conjurations
 11495 | D:8      | Reached skill level 9 in Fire Magic
 12531 | D:9      | Reached skill level 11 in Spellcasting
 12640 | D:9      | Reached ***** piety under Uskayaw
 12642 | D:9      | Reached skill level 9 in Conjurations
 12827 | D:9      | Noticed a two-headed ogre
 12839 | D:9      | Killed a two-headed ogre
 12839 | D:9      | Reached skill level 10 in Fire Magic
 13513 | D:9      | Found an opulent altar of Gozag.
 13565 | D:9      | Noticed a two-headed ogre
 13571 | D:9      | Killed a two-headed ogre
 13571 | D:9      | Reached skill level 4 in Fighting
 13571 | D:9      | Reached skill level 12 in Spellcasting
 13571 | D:9      | Reached XP level 11. HP: 61/61 MP: 16/29
 13863 | D:9      | Found a deep blue altar of Sif Muna.
 14031 | D:10     | Entered Level 10 of the Dungeon
 14283 | D:10     | Noticed a green ugly thing
 14287 | D:10     | Killed a green ugly thing
 14536 | D:10     | Found a staircase to the Orcish Mines.
 14741 | D:10     | Found Feqepaps's Gadget Emporium.
 15242 | D:11     | Reached skill level 10 in Conjurations
 15250 | D:11     | Noticed a two-headed ogre
 15258 | D:11     | Killed a two-headed ogre
 15258 | D:11     | Reached skill level 3 in Stealth
 15258 | D:11     | Reached skill level 1 in Evocations
 15264 | D:11     | Reached skill level 1 in Invocations
 15640 | D:11     | Noticed a two-headed ogre
 15643 | D:11     | Killed a two-headed ogre
 15643 | D:11     | Reached skill level 1 in Armour
 15643 | D:11     | Reached skill level 7 in Dodging
 15724 | D:11     | Found Omeigiet's Antique Armour Shoppe.
 15727 | D:11     | Bought a pair of gloves for 135 gold pieces
 15727 | D:11     | Bought a runed buckler for 315 gold pieces
 15879 | D:11     | Reached skill level 1 in Shields
 16079 | D:11     | Reached skill level 5 in Fighting
 16178 | D:11     | Found a staircase to the Lair.
 16405 | Lair:1   | Entered Level 1 of the Lair of Beasts
 16567 | Lair:1   | Reached skill level 2 in Armour
 16623 | Lair:1   | Reached skill level 2 in Shields
 16695 | Lair:1   | Reached skill level 3 in Shields
 16929 | Lair:1   | Reached skill level 4 in Shields
 17486 | Lair:1   | Learned a level 4 spell: Animate Dead
 17550 | Lair:2   | Reached skill level 1 in Necromancy
 17550 | Lair:2   | Reached XP level 12. HP: 68/68 MP: 15/30
 17662 | Lair:2   | Reached skill level 2 in Necromancy
 17675 | Lair:2   | Reached skill level 3 in Necromancy
 17940 | Lair:2   | Reached skill level 13 in Spellcasting
 17940 | Lair:2   | Reached skill level 4 in Necromancy
 18523 | Lair:2   | Noticed a four-headed hydra
 18530 | Lair:2   | Reached skill level 5 in Necromancy
 18532 | Lair:2   | Killed a four-headed hydra
 19355 | Lair:3   | Reached skill level 6 in Necromancy
 19360 | Lair:3   | Learned a level 3 spell: Regeneration
 19365 | Lair:3   | Learned a level 4 spell: Control Undead
 19460 | Lair:3   | Reached skill level 14 in Spellcasting
 19480 | Lair:3   | Found a staircase to the Snake Pit.
 19662 | Lair:3   | Reached skill level 7 in Necromancy
 19673 | Lair:3   | Reached skill level 8 in Dodging
 19673 | Lair:3   | Reached skill level 2 in Invocations
 19928 | Lair:3   | Noticed a queen ant
 20083 | Lair:3   | Killed a queen ant
 20165 | Lair:3   | Reached skill level 3 in Invocations
 20627 | Lair:4   | Noticed a death yak
 20631 | Lair:4   | Noticed a death yak
 20632 | Lair:4   | Noticed a death yak
 20632 | Lair:4   | Killed a death yak
 20633 | Lair:4   | Noticed a death yak
 20633 | Lair:4   | Noticed a death yak
 20633 | Lair:4   | Noticed a death yak
 20646 | Lair:3   | Killed a death yak
 20646 | Lair:3   | Reached skill level 1 in Short Blades
 20903 | Lair:3   | Reached XP level 13. HP: 66/72 MP: 12/33
 21005 | Lair:3   | Reached skill level 2 in Short Blades
 21251 | Lair:4   | Reached skill level 4 in Invocations
 21277 | Lair:3   | Reached skill level 3 in Armour
 21403 | Lair:4   | Reached skill level 3 in Short Blades
 21637 | Lair:4   | Reached skill level 5 in Invocations
 21878 | Lair:4   | Reached skill level 4 in Short Blades
 22006 | Lair:4   | Found a stormy altar of Qazlal.
 22012 | Lair:4   | Found a staircase to the Swamp.
 22018 | Lair:4   | Reached skill level 4 in Armour
 22706 | Lair:5   | Reached skill level 6 in Invocations
 22889 | Lair:5   | Reached skill level 5 in Short Blades
 23552 | Lair:5   | Reached skill level 5 in Armour
 23776 | Lair:5   | Reached skill level 7 in Invocations
 23789 | Lair:5   | Learned a level 5 spell: Iskenderun's Battlesphere
 24370 | Lair:5   | Reached skill level 1 in Charms
 24413 | Lair:6   | Entered Level 6 of the Lair of Beasts
 24463 | Lair:6   | Reached skill level 6 in Short Blades
 24547 | Lair:6   | Reached skill level 2 in Charms
 24593 | Lair:6   | Found a labyrinth entrance.
 24600 | Lab      | Entered a labyrinth
 24750 | Lab      | Noticed a minotaur
 24756 | Lab      | HP: 17/72 [minotaur/warped bardiche {chop} (2)]
 24773 | Lab      | Killed a minotaur
 24778 | Lab      | Got a warped bardiche {chop}
 24807 | Lab      | Identified Ytomyum's Reference Book on Dislocation
 24824 | Lab      | Got a sparkling turquoise ring
 24830 | Lab      | Identified the Papyrus of Augmentations
 24851 | Lair:6   | Identified the ring of Monupt Ucipn {*Corrode rPois rF+ rC+ Dex+4 Stlth+} (You found it in a labyrinth)
 24860 | Lair:6   | Identified the cursed +0 bardiche "Cimiaf" {chop, Dex+4 SInv Stlth+} (You took it off a minotaur in a labyrinth)
 24867 | Lair:6   | Learned a level 1 spell: Apportation
 25128 | Lair:5   | Reached XP level 14. HP: 60/78 MP: 3/34
 25262 | Lair:5   | Reached skill level 3 in Charms
 25452 | Lair:6   | Reached skill level 4 in Charms
 26045 | Lair:6   | Reached skill level 11 in Conjurations
 26060 | Lair:6   | Reached skill level 15 in Spellcasting
 26193 | Lair:6   | Reached skill level 7 in Short Blades
 26350 | Lair:6   | Reached skill level 5 in Charms
 26543 | Lair:6   | Found a runed door.
 26543 | Lair:6   | Found a viscous altar of Jiyva.
 26543 | Lair:6   | Found a staircase to the Slime Pits.
 26543 | Lair:6   | Noticed an acid blob
 26657 | Lair:6   | Noticed Snorg
 26670 | Lair:5   | Slain by Snorg

Vault maps used:
D:1:      minmay_arrival_radiant_lines
D:2:      uniq_sigmund
D:4:      minmay_temple_entry_metal_lava, first_bread, uniq_duvessa, uniq_pikel
D:5:      serial_shops, shop
D:6:      serial_shops, shop, gup_ossuary_entry_pyramid,
          corexii_item_surrounded_by_moat, uniq_crazy_yiuf_cottage
D:7:      grunt_livestock, roderic_batcave, kennysheep_cross_bottleneck,
          fedhas_altar_1
D:9:      kennysheep_orc_sif_temple,
          nicolae_gozag_cash_rules_everything_around_me
D:10:     hiddenorc2_lemuel, serial_shops,
          nicolae_shop_temple_entry_statues_fountains, hangedman_incinerator
D:11:     minmay_lair_entry_grove, serial_shops, nicolae_shop_behind_doors
Temple:   dpeg_three_leaves_temple
Lair:1:   grunt_megastairs_2, infiniplex_staircase_pool
Lair:2:   serial_bayou_shore_a
Lair:3:   beast_lair_carwin_large_3, minmay_snake_entry_six_corridors,
          minmay_another_anthill
Lair:4:   swamp_mist, minivault_19, lemuel_oklob_altar
Lair:5:   minmay_lair_oklob_chamber, grunt_megastairs_4
Lair:6:   minmay_lair_end_enchanted_forest, slime_altar_2, lab_entry_generic,
          uniq_snorg
Lab:      nicolae_lab_dead_adventurers, nicolae_lab_arrow, lab_block,
          labyrinth_skeletal_remains, nicolae_lab_quarters, nicolae_lab_blocks,
          labyrinth_fake_exit
Ossuary:  ossuary_minmay_four_chambers

Skill      XL: |  1  2  3  4  5  6  7  8  9 10 11 12 13 14 |
---------------+-------------------------------------------+-----
Conjurations   | 2 3 4 5 7 9 10 11 | 11.2
Spellcasting   | 4 5 6 8 10 12 14 15 | 15.1
Fire Magic     | 4 5 6 8 10 | 10.9
Fighting       | 1 2 3 4 5 |  5.6
Dodging        | 3 4 6 7 8 |  8.5
Stealth        | 3 |  3.1
Evocations     | 1 |  1.3
Invocations    | 1 3 7 |  7.0
Armour         | 2 5 |  5.5
Shields        | 4 |  4.4
Necromancy     | 1 7 |  7.4
Short Blades   | 1 6 7 |  7.1
Charms         | 2 5 |  5.4

Action                   |  1- 3 |  4- 6 |  7- 9 | 10-12 | 13-15 || total
-------------------------+-------+-------+-------+-------+-------++-------
Melee: Club              |     5 |    13 |       |       |       ||    18
       Dagger            |       |       |    81 |    72 |       ||   153
       Mace              |       |       |     1 |       |       ||     1
       Short sword       |       |       |       |     8 |   210 ||   218
 Cast: Flame Tongue      |    61 |    31 |     2 |     3 |       ||    97
       Throw Flame       |       |    96 |   266 |   341 |   129 ||   832
       Conjure Flame     |       |     6 |    15 |     2 |     1 ||    24
       Sticky Flame      |       |       |    20 |    64 |    64 ||   148
       Fireball          |       |       |       |    53 |    61 ||   114
       Animate Dead      |       |       |       |     6 |    29 ||    35
       Regeneration      |       |       |       |     1 |     7 ||     8
       Iskenderun's Batt |       |       |       |       |     8 ||     8
Invok: Line Pass         |       |       |       |       |     2 ||     2
Evoke: Wand              |       |     1 |     6 |     4 |       ||    11
       Sack of spiders   |       |       |       |     1 |     2 ||     3
  Use: Scroll            |     4 |     7 |    11 |     5 |     8 ||    35
       Potion            |       |     1 |     2 |     2 |     2 ||     7
 Stab: Paralysed         |       |       |     2 |     6 |    13 ||    21
       Sleeping          |       |       |       |     1 |       ||     1
       Distracted        |       |       |       |       |     4 ||     4
  Eat: Chunk             |     1 |     2 |     6 |    25 |     8 ||    42
       Bread ration      |       |     2 |     1 |       |     1 ||     4
       Royal jelly       |       |       |     2 |     4 |     2 ||     8
       Meat ration       |       |       |     1 |       |       ||     1
       Fruit             |       |       |     2 |       |     5 ||     7
Armor: Robe              |    12 |    10 |    31 |    12 |       ||    65
       Skin              |       |       |     2 |       |       ||     2
       Acid dragon scale |       |       |       |    26 |   115 ||   141
Dodge: Dodged            |    26 |    37 |    89 |   156 |   197 ||   505
Block: Buckler           |       |       |       |    26 |    51 ||    77

Vault maps used:
D:1:      minmay_arrival_radiant_lines
D:2:      uniq_sigmund
D:4:      minmay_temple_entry_metal_lava, first_bread, uniq_duvessa, uniq_pikel
D:5:      serial_shops, shop
D:6:      serial_shops, shop, gup_ossuary_entry_pyramid,
          corexii_item_surrounded_by_moat, uniq_crazy_yiuf_cottage
D:7:      grunt_livestock, roderic_batcave, kennysheep_cross_bottleneck,
          fedhas_altar_1
D:9:      kennysheep_orc_sif_temple,
          nicolae_gozag_cash_rules_everything_around_me
D:10:     hiddenorc2_lemuel, serial_shops,
          nicolae_shop_temple_entry_statues_fountains, hangedman_incinerator
D:11:     minmay_lair_entry_grove, serial_shops, nicolae_shop_behind_doors
Temple:   dpeg_three_leaves_temple
Lair:1:   grunt_megastairs_2, infiniplex_staircase_pool
Lair:2:   serial_bayou_shore_a
Lair:3:   beast_lair_carwin_large_3, minmay_snake_entry_six_corridors,
          minmay_another_anthill
Lair:4:   swamp_mist, minivault_19, lemuel_oklob_altar
Lair:5:   minmay_lair_oklob_chamber, grunt_megastairs_4
Lair:6:   minmay_lair_end_enchanted_forest, slime_altar_2, lab_entry_generic,
          uniq_snorg
Lab:      nicolae_lab_dead_adventurers, nicolae_lab_arrow, lab_block,
          labyrinth_skeletal_remains, nicolae_lab_quarters, nicolae_lab_blocks,
          labyrinth_fake_exit
Ossuary:  ossuary_minmay_four_chambers

Table legend:
 A = Turns spent in this place as a percentage of turns spent in the entire game.
 B = Non-inter-level travel turns spent in this place as a percentage of non-inter-level travel turns spent in the entire game.
 C = Inter-level travel turns spent in this place as a percentage of turns spent in this place.
 D = Turns resting spent in this place as a percentage of non-inter-level travel turns spent in this place.
 E = Turns spent auto-exploring this place as a percentage of non-inter-level travel turns spent in this place.
 F = Non-inter-level travel turns spent in this place divided by the number of levels of this place that you've seen.
                   A       B       C       D       E      F
               +-------+-------+-------+-------+-------+----------------------
         Total | 100.0 | 100.0 |   0.6 |   6.8 |   6.9 | 314.6
       Dungeon |  54.3 |  54.2 |   0.8 |   7.5 |   8.7 | 309.9
        Temple |   0.5 |   0.5 |   0.0 |   0.0 |   0.0 |  34.0
          Lair |  39.0 |  39.1 |   0.4 |   6.0 |   5.0 | 409.8
     Labyrinth |   4.0 |   4.0 |   0.0 |   1.2 |   0.0 | 251.0
       Ossuary |   2.2 |   2.2 |   0.0 |  14.3 |  11.4 | 140.0
               +-------+-------+-------+-------+-------+----------------------

Table legend:
 A = Kills in this place as a percentage of kills in entire the game.
 B = Kills by you in this place as a percentage of kills by you in the entire game.
 C = Kills by friends in this place as a percentage of kills by friends in the entire game.
 D = Other kills in this place as a percentage of other kills in the entire game.
 E = Experience gained in this place as a percentage of experience gained in the entire game.
 F = Experience gained in this place divided by the number of levels of this place that you have seen.
                   A       B       C       D       E      F
               +-------+-------+-------+-------+-------+----------------------
         Total | 100.0 | 100.0 | 100.0 |  -nan | 100.0 | 3852.6
       Dungeon |  50.5 |  54.4 |   0.0 |  -nan |  21.9 | 1534.5
          Lair |  46.7 |  42.6 | 100.0 |  -nan |  75.8 | 9729.0
     Labyrinth |   0.2 |   0.2 |   0.0 |  -nan |   1.4 | 1071.0
       Ossuary |   2.6 |   2.8 |   0.0 |  -nan |   0.9 | 727.0
               +-------+-------+-------+-------+-------+----------------------
